Map: Hecate LE

Players

SubN - Winner!

  • Race: Zerg Zerg
  • League: Diamond
  • Spawn Location: 1:00

azraiil

  • Race: Protoss Protoss
  • League: Diamond
  • Spawn Location: 7:00

VOD

Have the link to the VOD?

Description

Time

  • Played on: Dec. 17, 2023, 1:25 p.m.
  • Length: 3:09
Show
View Real Time Build Order
Export as new Build Order

SubN Zerg - Winner!

Build Orders: Pool First 

Get SALT Encoding   

  12  0:00  Drone  
  13  0:08  Drone  
  13  0:13  Extractor  
  13  0:30  Spawning Pool  
  12  0:56  Hatchery  
  11  1:18  Queen  
  13  1:29  Metabolic Boost  
  13  1:34  Overlord  
  13  1:39  Zergling x2  
  14  1:53  Zergling x4  
  16  1:58  Zergling x2  
  17  2:08  Queen  
  17  2:11  Zergling x2  
  20  2:16  Zergling x2  
  21  2:28  Zergling x4  
  22  2:50  Zergling x4  
  22  2:51  Zergling x6  
Show
View Real Time Build Order
Export as new Build Order

azraiil Protoss 

Build Orders:  

Get SALT Encoding   

  12  0:00  Probe  
  13  0:12  Probe  
  14  0:20  Pylon  
  14  0:24  Probe  
  15  0:38  Probe (Chrono Boost)  
  15  0:42  Gateway  
  17  0:50  Probe (Chrono Boost)  
  17  0:53  Assimilator  
  17  0:59  Probe (Chrono Boost)  
  18  1:14  Gateway  
  18  1:16  Probe (Chrono Boost)  
  20  1:26  Probe (Chrono Boost)  
  20  1:32  Cybernetics Core  
  20  1:39  Zealot  
  22  1:57  Nexus  
  22  2:07  Pylon  
  22  2:25  Twilight Council, Zealot (Chrono Boost)  
Tags
 
Matchup
PvZ
Opening
Pool First
Replay Pack
2025 replay dump
Spawn Locations
Cross Positions
Add a new tag
Caveats
  • Supply blocks, unpowered buildings, or Contaminate may cause inaccurate times.
  • Supply counts are checked every 10 seconds.